 Dungeon Crawl Stone Soup version 0.19-a0-1925-g2f1b93d (webtiles) character file.

68 onursoysal the Gusty (level 4, 0/36 HPs)
             Began as a Basajaun Air Elementalist on Oct 25, 2016.
             Succumbed to an adder's poison
             ... on level 2 of the Dungeon.
             The game lasted 00:12:50 (4474 turns).

onursoysal the Gusty (Basajaun Air Elementalist)    Turns: 4474, Time: 00:12:51

Health: 0/36       AC:  2    Str:  8 (11) XL:     4   Next: 1%
Magic:  8/8        EV: 10    Int: 15 (17) God:
Gold:   44         SH:  0    Dex:  9 (10) Spells: 1 memorised, 7 levels left

rFire  . . .     SeeInvis .     e - -1 dagger (curse)
rCold  . . .     Gourm    .     a - +0 robe
rNeg   . . .     Faith    .     (no shield)
rPois  .         Spirit   .     (helmet restricted)
rElec  .         Reflect  .     (no cloak)
rCorr  .         Harm     .     (gloves unavailable)
MR     .....                    (boots unavailable)
Stlth  ++........               (no amulet)
                                (no ring)
                                (no ring)

@: lethally poisoned (0 -> -6)
A: unfitting armour
a: no special abilities


You were on level 2 of the Dungeon.
You were hungry.

You visited 1 branch of the dungeon, and saw 2 of its levels.

You collected 44 gold pieces.

Inventory:

Hand Weapons
 e - a cursed -1 dagger (weapon)
 g - a +0 short sword
 j - a +0 dagger
 l - a +0 short sword of protection
Armour
 a - a +0 robe (worn)
Jewellery
 s - an uncursed ring of stealth {unknown}
Scrolls
 m - a scroll of fear {unknown}
 o - a scroll of enchant weapon {unknown}
 p - a scroll of teleportation
 q - a scroll of amnesia {unknown}
 r - a scroll of recharging {unknown}
Potions
 h - a potion of curing {unknown}
 i - a potion of mutation {unknown}
 k - a potion of heal wounds {unknown}
 n - a potion of ambrosia {unknown}
Books
 b - a book of Air

   Spells                             Type                      Level
   a - Shock                          Conjuration/Air              1
   b - Swiftness                      Charms/Air                   2
   c - Repel Missiles                 Charms/Air                   2
   d - Static Discharge               Conjuration/Air              3
   e - Lightning Bolt                 Conjuration/Air              5
Comestibles
 c - 4 chunks of flesh


   Skills:
 - Level 1.5 Dodging
 - Level 2.1 Stealth
 - Level 2.5 Spellcasting
 - Level 1.0 Conjurations
 * Level 4.8 Air Magic


You had 7 spell levels left.
You knew the following spells:

 Your Spells              Type           Power        Failure   Level  Hunger
a - Shock                 Conj/Air       ##..         8%          1    #......


Dungeon Overview and Level Annotations

Branches:
Dungeon (2/15)

Altars:
Hepliaklqana
Okawaru
Trog
Xom
Yredelemnul


Message History

You are too injured to fight recklessly!
You are too injured to fight recklessly!
The bat hits you but does no damage.
You feel sick. The bat barely misses you. The adder bites you.
* * * LOW HITPOINT WARNING * * *
You are lethally poisoned!
The adder poisons you!
* * * LOW HITPOINT WARNING * * *
You feel sick. The bat hits you but does no damage. The bat closely misses you.
* * * LOW HITPOINT WARNING * * *
You feel sick. The bat hits you.
* * * LOW HITPOINT WARNING * * *
It was a potion of magic.
Magic courses through your body.
* * * LOW HITPOINT WARNING * * *
You feel sick. The bat barely misses you.
It was a potion of degeneration.
There was something very wrong with that liquid.
You feel weakened.
You feel dopey.
You feel clumsy.
You die...

#.#######
#....#...#
#.#
###..)...#
#.#
##...#.#
#.# ###...#
#.# #.###
#.# #.# #.#
#.# ..# #.#
.##### #@#
.....# #b#
.###.... .
###S### .#
##
#..##.....#
.#
#........#
.#
####.$...#
.# #>....#
.# #.....#
.# #.....#


You could see an adder and a bat.

Vanquished Creatures
  A worm (D:2)
  2 dart slugs (D:2)
  2 leopard geckos (D:1)
  A giant cockroach (D:2)
  9 goblins
  9 hobgoblins
  4 jackals
  9 kobolds
  7 bats
  4 frilled lizards
  7 rats
55 creatures vanquished.

Notes
Turn   | Place    | Note
-------+----------+-------------------------------------------
     0 | D:1      | onursoysal the Basajaun Air Elementalist began the quest for the Orb.
     0 | D:1      | Reached XP level 1. HP: 15/15 MP: 4/4
   474 | D:1      | Reached XP level 2. HP: 22/22 MP: 6/6
  1289 | D:1      | Reached skill level 4 in Air Magic
  1719 | D:1      | Reached XP level 3. HP: 19/28 MP: 3/7
  1984 | D:2      | Found a bloodstained altar of Trog.
  1985 | D:2      | Found a basalt altar of Yredelemnul.
  2719 | D:2      | Found a hazy altar of Hepliaklqana.
  2719 | D:2      | Found a shimmering altar of Xom.
  3500 | D:2      | Found an iron altar of Okawaru.
  4355 | D:2      | Reached XP level 4. HP: 33/36 MP: 1/8
  4429 | D:2      | Found a faded altar of an unknown god.
  4473 | D:2      | HP: 1/36 [poisoned by an adder]
  4474 | D:2      | Succumbed to an adder's poison

Vault maps used:
D:1:      dpeg_arrival_prison
D:2:      lemuel_crystal_altar, grunt_temple_overflow_open, ecumenical_altar_1

Skill      XL: |  1  2 |
---------------+-------+-----
Air Magic      | 4 |  4.8
Dodging        | |  1.5
Stealth        | |  2.1
Spellcasting   | |  2.5
Conjurations   | |  1.0

Action                   |  1- 3 |  4- 6 || total
-------------------------+-------+-------++-------
Melee: Dagger            |   188 |    13 ||   201
       Unarmed           |     6 |       ||     6
 Cast: Shock             |    75 |     2 ||    77
  Use: Scroll            |     2 |       ||     2
       Potion            |       |     2 ||     2
 Stab: Sleeping          |     5 |       ||     5
       Distracted        |     1 |       ||     1
  Eat: Chunk             |     7 |       ||     7
       Bread ration      |     1 |       ||     1
Armor: Robe              |    78 |    14 ||    92
Dodge: Dodged            |   139 |    27 ||   166
